Map: [ESL] Babylon

Players

Arrogfire

  • Race: Protoss Protoss
  • Spawn Location: 11:00

HeroMarine - Winner!

  • Race: Terran Terran
  • Spawn Location: 5:00

Event: ESL SC2 Masters 2023 Summer (Finals)

VOD

Have the link to the VOD?

Description

Time

  • Played on: June 16, 2023, 5:47 a.m.
  • Length: 10:13

All games in this series

Show
View Real Time Build Order
Export as new Build Order

Arrogfire Protoss 

Build Orders: 1 Gate Expand, Blink Stalkers 

Get SALT Encoding   

  12  0:00  Probe  
  13  0:12  Probe  
  14  0:17  Pylon  
  14  0:24  Probe (Chrono Boost)  
  16  0:36  Probe (Chrono Boost)  
  16  0:37  Gateway  
  16  0:43  Probe (Chrono Boost)  
  16  0:46  Assimilator  
  17  0:50  Probe  
  18  1:03  Probe  
  19  1:15  Probe  
  20  1:23  Cybernetics Core  
  20  1:33  Nexus  
  20  1:37  Probe  
  21  1:43  Pylon  
  21  1:48  Assimilator  
  21  1:52  Probe  
  22  1:59  Adept (Chrono Boost)  
  22  2:03  Warp Gate  
  22  2:04  Probe  
  25  2:16  Probe  
  25  2:19  Adept (Chrono Boost)  
  28  2:27  Twilight Council  
  28  2:28  Probe  
  28  2:43  Probe (Chrono Boost)  
  29  2:46  Probe (Chrono Boost), Gateway  
  30  2:55  Probe (Chrono Boost)  
  30  2:56  Probe (Chrono Boost)  
  30  2:57  Blink (Chrono Boost)  
  32  3:00  Probe (Chrono Boost)  
  32  3:04  Probe  
  32  3:12  Probe  
  33  3:16  Probe  
  34  3:20  Robotics Facility  
  34  3:24  Probe  
  35  3:28  Probe  
  35  3:30  Pylon  
  36  3:36  Probe  
  36  3:41  Probe  
  38  3:48  Probe  
  38  3:51  Stalker x2  
  38  3:53  Probe  
  44  4:00  Probe  
  45  4:05  Probe, Nexus  
  45  4:08  Pylon, Observer  
  47  4:12  Probe  
  48  4:17  Probe  
  48  4:19  Stalker  
  51  4:29  Immortal (Chrono Boost), Shield Battery  
  53  4:31  Stalker  
  55  4:39  Pylon, Shield Battery  
  55  4:45  Stalker  
  57  4:54  Assimilator  
  57  4:55  Pylon, Stalker  
  57  4:56  Probe x2  
  61  5:02  Immortal (Chrono Boost)  
  65  5:09  Probe (Chrono Boost), Observer  
  66  5:18  Probe (Chrono Boost)  
  66  5:20  Probe (Chrono Boost), Charge (Chrono Boost)  
  69  5:23  Forge  
  69  5:26  Probe (Chrono Boost)  
  69  5:27  Probe (Chrono Boost)  
  71  5:30  Probe (Chrono Boost)  
  71  5:31  Gateway  
  71  5:32  Probe (Chrono Boost)  
  71  5:33  Probe (Chrono Boost)  
  72  5:36  Gateway  
  72  5:39  Probe  
  72  5:41  Observer  
  72  5:42  Sentry  
  76  5:45  Probe x2  
  78  5:52  Probe  
  78  5:53  Zealot, Protoss Ground Weapons Level 1 (Chrono Boost)  
  78  5:56  Gateway  
  81  6:00  Gateway  
  81  6:03  Probe  
  81  6:04  Probe  
  79  6:06  Stalker  
  78  6:20  Stalker  
  78  6:21  Probe x2  
  78  6:25  Probe  
  79  6:28  Pylon  
  79  6:33  Probe x2  
  79  6:35  Gateway  
  79  6:37  Probe  
  79  6:39  Gateway  
  82  6:45  Probe x2  
  82  6:46  Zealot x3, Sentry  
  92  6:49  Probe  
  92  6:51  Zealot  
  95  6:56  Pylon  
  95  6:57  Probe  
  95  6:58  Probe  
  97  7:01  Zealot  
  97  7:03  Observer  
  100  7:08  Pylon  
  100  7:09  Pylon  
  100  7:10  Pylon  
  100  7:11  Assimilator  
  100  7:14  Pylon  
  98  7:17  Zealot x4  
  98  7:22  Zealot x2  
  106  7:28  Warp Prism (Chrono Boost)  
  104  7:32  Robotics Bay  
  104  7:34  Zealot x2  
  108  7:37  Pylon  
  108  7:39  Observer  
  108  7:43  Zealot x3  
  114  7:49  Protoss Ground Weapons Level 2 (Chrono Boost)  
  114  7:57  Zealot x5  
  122  8:03  Pylon  
  118  8:10  Assimilator  
  118  8:13  Photon Cannon  
  118  8:17  Stalker x3  
  122  8:20  Colossus (Chrono Boost)  
  122  8:25  Extended Thermal Lance  
  123  8:31  Stalker x2  
  127  8:38  Stalker x2  
  131  8:43  Zealot  
  133  8:54  Robotics Facility  
  133  8:56  Probe x3  
  133  8:57  Pylon  
  133  8:59  Colossus (Chrono Boost)  
  142  9:10  Stalker x2  
  142  9:30  Zealot x4  
  148  9:33  Pylon  
  130  9:49  Zealot x4  
  130  9:57  Zealot x4  
  129  10:05  Shield Battery  
Show
View Real Time Build Order
Export as new Build Order

HeroMarine Terran - Winner!

Build Orders: Reaper Expand 

Get SALT Encoding   

  12  0:00  SCV  
  13  0:12  SCV  
  14  0:17  Supply Depot  
  14  0:24  SCV  
  15  0:38  SCV  
  15  0:40  Barracks  
  16  0:43  Refinery  
  16  0:50  SCV  
  17  1:02  SCV  
  18  1:15  SCV  
  19  1:27  Orbital Command, Reaper  
  20  1:42  Command Center  
  20  1:49  Supply Depot  
  20  1:52  SCV  
  21  1:59  Barracks Reactor  
  21  2:04  SCV  
  22  2:17  SCV  
  22  2:22  Command Center  
  23  2:29  SCV  
  24  2:35  Marine x2  
  26  2:38  Barracks  
  26  2:41  SCV  
  27  2:52  Marine  
  27  2:53  Marine, SCV  
  27  2:56  Orbital Command  
  30  3:05  Barracks  
  30  3:09  SCV  
  30  3:12  Marine  
  32  3:14  Marine  
  32  3:21  SCV  
  32  3:22  SCV  
  32  3:26  Barracks Tech Lab  
  34  3:30  Marine  
  34  3:32  Marine  
  34  3:33  SCV  
  37  3:34  SCV  
  37  3:37  Orbital Command  
  38  3:45  Bunker, SCV  
  38  3:46  Marauder  
  38  3:47  Stimpack  
  41  3:50  SCV  
  41  3:53  Barracks Tech Lab  
  41  3:54  Marine x2  
  44  3:57  SCV  
  44  4:02  SCV  
  46  4:04  SCV  
  46  4:09  Marauder  
  49  4:11  SCV, Marine  
  49  4:12  Marine  
  49  4:14  SCV  
  49  4:15  Supply Depot  
  49  4:16  SCV  
  54  4:21  Marauder  
  54  4:23  SCV  
  56  4:26  SCV, Combat Shield  
  56  4:28  Refinery  
  56  4:29  Marine x2  
  59  4:33  Engineering Bay, Refinery  
  59  4:34  Refinery  
  59  4:35  SCV  
  59  4:37  SCV  
  62  4:38  SCV  
  62  4:46  Factory  
  62  4:49  Marauder  
  62  4:50  Orbital Command  
  62  4:52  SCV x2  
  65  4:53  SCV  
  65  4:55  Marine x2  
  68  5:01  Supply Depot  
  68  5:02  Supply Depot  
  68  5:07  Marauder  
  68  5:11  SCV  
  68  5:12  Barracks, SCV  
  68  5:13  Barracks  
  72  5:14  Terran Infantry Weapons Level 1  
  72  5:17  Marauder  
  72  5:19  Marine  
  72  5:20  Marine  
  76  5:24  SCV x2  
  79  5:28  Orbital Command, Marauder  
  80  5:36  SCV x2  
  80  5:39  Marauder  
  80  5:40  Marine x2, Supply Depot x2  
  80  5:41  Concussive Shells  
  86  5:48  SCV x2  
  88  5:52  Marauder  
  88  5:54  SCV  
  90  5:58  Supply Depot  
  90  6:00  SCV, Marauder  
  90  6:01  Factory Reactor  
  90  6:02  SCV  
  90  6:03  Starport  
  93  6:06  SCV  
  93  6:07  Barracks Reactor, Barracks Tech Lab  
  94  6:12  SCV  
  94  6:16  SCV  
  94  6:18  SCV  
  95  6:21  Marine x2, Marauder  
  95  6:22  Marauder  
  95  6:24  SCV  
  95  6:25  Supply Depot  
  98  6:27  Marauder  
  100  6:34  SCV x2  
  100  6:36  SCV  
  103  6:47  Medivac x2  
  103  6:48  Marauder x3, Marine  
  103  6:49  Marine x3  
  103  6:52  SCV x2  
  103  6:53  SCV  
  120  7:02  Supply Depot  
  120  7:06  Marine x2, Factory Reactor  
  120  7:07  Marine x2  
  124  7:08  Terran Infantry Armor Level 1  
  124  7:12  Supply Depot  
  124  7:14  Marauder, Armory  
  123  7:15  Marauder  
  123  7:16  Marauder, Engineering Bay  
  123  7:17  Medivac  
  123  7:18  Medivac  
  124  7:25  Marine x3  
  124  7:26  Marine  
  120  7:32  SCV x3  
  120  7:34  Refinery  
  120  7:35  Refinery  
  120  7:36  Marauder  
  127  7:37  Marauder x2  
  127  7:39  Missile Turret  
  127  7:43  Marine x4  
  133  7:44  Supply Depot  
  133  7:49  Medivac x2  
  133  7:50  Widow Mine x2  
  141  8:00  Bunker  
  141  8:01  Missile Turret  
  141  8:04  Supply Depot  
  141  8:05  Marine x2, Marauder x3  
  148  8:06  Marine x2  
  148  8:10  Supply Depot  
  151  8:14  Widow Mine x2  
  155  8:23  Marine  
  155  8:24  Ghost Academy  
  155  8:25  Medivac x2  
  155  8:26  Marauder x2  
  164  8:30  Marine  
  164  8:32  Marine x2, Marauder  
  169  8:37  Supply Depot  
  169  8:40  Marine  
  170  8:43  Sensor Tower  
  170  8:48  Marauder x2, SCV  
  173  8:50  Command Center  
  173  8:59  Widow Mine x2, Medivac x2  
  173  9:00  Supply Depot  
  173  9:01  Supply Depot  
  181  9:15  Barracks, Supply Depot  
  181  9:16  Barracks x2  
  181  9:21  Marine, Ghost x3  
  187  9:37  Marine x2  
  184  9:43  Marine x2  
  180  9:47  Widow Mine  
  188  9:54  Marine  
  188  9:55  Marine  
  169  10:08  Barracks Reactor, Barracks Tech Lab x2  
Tags
 
Add a new tag
Caveats
  • Supply blocks, unpowered buildings, or Contaminate may cause inaccurate times.
  • Supply counts are checked every 10 seconds.